Map: Ascension to Aiur LE

Players

Yata - Winner!

  • Race: Zerg Zerg
  • League: Gold
  • Spawn Location: 5:00

HotTamale

  • Race: Protoss Protoss
  • League: Gold
  • Spawn Location: 11:00

VOD

Have the link to the VOD?

Description

Time

  • Played on: Sept. 2, 2017, 11:17 p.m.
  • Length: 10:04
Show
View Real Time Build Order
Export as new Build Order

Yata Zerg - Winner!

Build Orders: Hatch First 

Get SALT Encoding   

  12  0:02  Drone  
  13  0:12  Overlord  
  13  0:20  Drone  
  14  0:30  Drone x2  
  14  0:35  Drone  
  17  0:55  Hatchery  
  16  0:58  Drone  
  17  1:08  Drone x2  
  19  1:11  Extractor  
  18  1:22  Spawning Pool  
  18  1:23  Drone  
  18  1:29  Drone  
  19  1:39  Overlord  
  19  1:50  Drone  
  20  2:01  Drone  
  21  2:08  Queen  
  21  2:11  Queen  
  25  2:16  Zergling x4  
  25  2:19  Drone  
  28  2:30  Metabolic Boost  
  28  2:36  Baneling Nest  
  27  2:42  Drone x3  
  27  2:43  Drone  
  31  2:44  Drone  
  32  2:59  Overlord  
  32  3:04  Queen  
  34  3:06  Drone x2  
  36  3:18  Lair  
  36  3:22  Drone  
  36  3:23  Drone x6  
  43  3:30  Spore Crawler  
  43  3:32  Spore Crawler  
  41  3:48  Pneumatized Carapace  
  41  3:55  Hatchery  
  40  3:56  Zergling x8  
  40  3:59  Overlord  
  44  4:06  Evolution Chamber  
  43  4:12  Zergling x2  
  44  4:17  Overlord x3  
  44  4:42  Drone x3  
  44  4:43  Drone x7  
  53  4:49  Drone x3  
  55  5:09  Drone x4  
  55  5:10  Drone x3  
  62  5:15  Spore Crawler  
  62  5:17  Zerg Melee Weapons Level 1  
  62  5:20  Hydralisk Den  
  60  5:23  Extractor  
  60  5:25  Extractor  
  60  5:26  Extractor  
  57  5:41  Queen  
  57  5:42  Queen  
  61  5:45  Drone x3  
  64  5:54  Muscular Augments  
  64  5:58  Baneling  
  64  6:04  Drone  
  64  6:05  Drone  
  66  6:11  Zergling x2  
  66  6:12  Zergling x26  
  66  6:15  Baneling x4  
  66  6:16  Baneling  
  66  6:17  Queen  
  82  6:22  Hatchery  
  81  6:33  Centrifical Hooks  
  81  6:38  Overlord x5  
  77  7:05  Zergling x4  
  77  7:06  Zergling x28  
  85  7:21  Queen  
  84  7:27  Hydralisk x4  
  92  7:32  Hydralisk  
  92  7:33  Hydralisk x5  
  103  7:37  Zerg Missile Weapons Level 1  
  102  7:46  Hydralisk  
  102  7:47  Hydralisk x2  
  107  7:57  Queen  
  108  8:00  Hydralisk  
  108  8:01  Hydralisk  
  112  8:10  Overlord x3  
  112  8:15  Drone x2  
  112  8:16  Drone x5  
  112  8:17  Overlord x2, Infestation Pit  
  116  8:24  Overseer  
  116  8:30  Queen  
  116  8:32  Queen  
  118  9:00  Drone x5  
  118  9:01  Drone x7  
  118  9:02  Drone  
  131  9:12  Spore Crawler  
  127  9:32  Hydralisk  
  127  9:33  Hydralisk x10  
  149  9:50  Extractor  
  148  9:52  Extractor  
  148  9:56  Extractor  
  148  9:58  Extractor  
Show
View Real Time Build Order
Export as new Build Order

HotTamale Protoss 

Build Orders:  

Get SALT Encoding   

  12  0:02  Probe (Chrono Boost)  
  13  0:13  Probe (Chrono Boost)  
  14  0:23  Pylon  
  14  0:27  Probe (Chrono Boost)  
  15  0:41  Probe (Chrono Boost)  
  16  0:44  Gateway  
  16  1:00  Probe (Chrono Boost)  
  16  1:01  Pylon  
  18  1:11  Probe (Chrono Boost)  
  18  1:12  Assimilator  
  18  1:16  Assimilator  
  18  1:22  Probe (Chrono Boost)  
  19  1:32  Probe (Chrono Boost)  
  20  1:34  Cybernetics Core  
  20  1:46  Probe (Chrono Boost)  
  21  1:52  Zealot  
  23  1:56  Probe (Chrono Boost)  
  24  2:07  Probe (Chrono Boost)  
  25  2:18  Probe (Chrono Boost)  
  26  2:41  Adept  
  26  2:42  Warp Gate (Chrono Boost)  
  28  2:48  Gateway  
  28  2:52  Gateway  
  28  3:02  Twilight Council  
  28  3:11  Adept  
  30  3:32  Nexus  
  30  3:49  Resonating Glaives  
  30  4:01  Pylon  
  26  5:01  Dark Shrine  
  26  5:05  Stalker  
  26  5:06  Stalker  
  30  5:07  Stalker  
  30  5:12  Probe  
  33  5:22  Probe  
  34  5:32  Mothership Core  
  34  5:34  Probe  
  37  5:46  Probe  
  38  5:51  Charge, Probe  
  39  5:58  Probe  
  39  6:02  Probe  
  41  6:13  Probe  
  41  6:14  Dark Templar x2  
  41  6:15  Dark Templar  
  48  6:29  Robotics Facility  
  48  6:33  Robotics Facility  
  48  6:36  Probe  
  48  6:37  Probe  
  50  6:47  Probe  
  50  6:50  Probe  
  44  7:43  Nexus  
  34  7:59  Dark Templar x2  
  38  8:07  Pylon  
  38  8:08  Pylon  
  38  8:29  Nexus  
  38  8:34  Pylon  
  38  8:35  Pylon  
  38  8:45  Forge  
Tags
 
League
GoldGold
Matchup
PvZ
Replay Pack
Pack 1
Spawn Locations
Cross Positions
Add a new tag
Caveats
  • Supply blocks, unpowered buildings, or Contaminate may cause inaccurate times.
  • Supply counts are checked every 10 seconds.